 Dungeon Crawl Stone Soup version 0.30-a0-782-ge64f9170bb (webtiles) character file.

Game seed: 11492168205472108704

625 Leeroy the Slasher (level 7, 0/55 HPs)
             Began as a Demigod Gladiator on Mar 2, 2023.
             Killed from afar by Blork the orc (7 damage)
             ... with a puff of frost
             ... on level 4 of the Dungeon.
             The game lasted 00:07:05 (4892 turns).

Leeroy the Slasher (Demigod Gladiator)              Turns: 4892, Time: 00:07:05

Health: 0/55       AC:  7    Str: 15    XL:     7   Next: 2%
Magic:  9/9        EV: 15    Int: 10    God:
Gold:   184        SH:  0    Dex: 23    Spells: 6/6 levels left

rFire   . . .      SeeInvis .    a - +0 long sword
rCold   . . .      Faith    .    (no shield)
rNeg    . . .      Spirit   .    b - +0 leather armour
rPois   .          Reflect  .    z - +2 helmet
rElec   .          Harm     .    (no cloak)
rCorr   .          Rampage  .    l - +0 pair of gloves
Will    .....                    (no boots)
Stlth   ++                       (no amulet)
HPRegen 0.29/turn                (no ring)
MPRegen 0.11/turn                (no ring)

@: no status effects
A: high MP 1, forlorn, divine attributes
a: no special abilities


You were on level 4 of the Dungeon.
You visited 1 branch of the dungeon, and saw 4 of its levels.

You collected 184 gold pieces.

Inventory:

Hand Weapons
 a - a +0 long sword (weapon)
 m - a +1 dagger of venom
 q - a +1 antimagic dagger
 u - a +0 rapier
Missiles
 e - a javelin (quivered)
Armour
 b - a +0 leather armour (worn)
 c - a +0 helmet
 l - a +0 pair of gloves (worn)
 z - a +2 helmet (worn)
Magical Staves
 f - a staff of poison
Wands
 d - a wand of mindburst (18)
 w - a wand of polymorph (4)
 y - a wand of flame (10)
Scrolls
 h - 2 scrolls of enchant armour
 i - a scroll of amnesia
 j - a scroll of enchant weapon
 n - a scroll of vulnerability
 o - 3 scrolls of teleportation
 t - a scroll of immolation
 x - a scroll of fog {unknown}
Potions
 g - 2 potions of curing
 k - 2 potions of brilliance
 p - a potion of heal wounds {unknown}
 r - a potion of attraction {unknown}
 s - 3 potions of mutation {unknown}
 v - a potion of cancellation {unknown}


   Skills:
 - Level 2.0 Fighting
 - Level 6.1 Long Blades
 - Level 1.7 Throwing
 + Level 5.1 Dodging


You had 6 spell levels left.
You didn't know any spells.
Your spell library contained the following spells:

 Spells                   Type           Power      Damage    Failure   Level
 Sandblast                Erth           0%         2d4       43%         1
 Ensorcelled Hibernation  Hex/Ice        0%         N/A       56%         2
 Passwall                 Tmut/Erth      0%         N/A       56%         2
 Stone Arrow              Conj/Erth      0%         3d7       80%         3
 Swiftness                Air            0%         N/A       80%         3


Dungeon Overview and Level Annotations

Branches:
Dungeon (4/15)
 Temple: D:4-7

Annotations:
D:2 1 runed translucent door, Crazy Yiuf
D:4 Blork the orc


Innate Abilities, Weirdness & Mutations

You have an increased reservoir of magic. (+10% MP)
You shall have no god before yourself.
Your divine heritage dramatically boosts your attributes as you level up.


Message History

Your damage rating with your +0 long sword is about 15 (Base 10 x 132% (Dex) x 115% (Skill)).
There is an open door, spattered with blood here.
You see here the felid corpse of Natasha.
Blork the orc is nearby!
Blork the orc hits you with a +0 long sword.
You slash Blork the orc!
Blork the orc is moderately wounded.
Blork the orc casts a cantrip, but nothing happens.
You barely miss Blork the orc.
Blork the orc is moderately wounded.
Blork the orc gestures at you while chanting.
The puff of flame hits you!
You slash Blork the orc!
Blork the orc is heavily wounded.
Blork the orc casts a spell at you. The magic dart hits you!
You closely miss Blork the orc.
Blork the orc is heavily wounded.
Blork the orc drinks a potion.
Blork the orc is healed!
You slash Blork the orc!
Blork the orc is severely wounded.
Blork the orc hits you with a +0 long sword.
You are too injured to fight recklessly!
You are too injured to fight recklessly!
You hit Blork the orc but do no damage.
Blork the orc is severely wounded.
Blork the orc points at you and mumbles some strange words.
The puff of frost hits you!
You hit Blork the orc but do no damage.
Blork the orc is severely wounded.
Blork the orc casts a spell at you. The puff of flame hits you.
* * * LOW HITPOINT WARNING * * *
You closely miss Blork the orc.
Blork the orc is severely wounded.
Blork the orc hits you with a +0 long sword!
* * * LOW HITPOINT WARNING * * *
Blork the orc casts a spell at you. The puff of frost hits you!
You die...

#...................#......)....
#............##...# #..##.....##
##..######...##...###..##.....#
#####..##........#...........#
#.............'...o.......#
#....<........#...........#
##.###...##.>.###..##...###
######†###...###..##...#
#......@o.......#.....
#...............#...)..
#.##.##..####'###...#### #.
#.##..####.####+####. ..
.............(....... ..
......................
###.##########..##...##### #.
#..##...##### #...........#


You could see Blork the orc.

Vanquished Creatures
  Grinder (D:4)
  A necrophage (D:3)
  A bullfrog (D:3)
  An orc priest (D:3)
  Natasha (twice) (D:4)
  2 iguanas (D:4)
  Robin (D:3)
  6 adders
  An ufetubus (D:4)
  3 worms (D:2)
  3 dart slugs
  6 orcs
  7 bats
  10 endoplasms
  5 giant cockroaches
  18 goblins
  7 hobgoblins
  3 quokkas
  10 ball pythons
  A frilled lizard (D:3)
  8 kobolds
  5 rats
102 creatures vanquished.

Notes
Turn   | Place    | Note
-------+----------+-------------------------------------------
     0 | D:1      | Leeroy the Demigod Gladiator began the quest for the Orb.
     0 | D:1      | Reached XP level 1. HP: 17/17 MP: 3/3
    36 | D:1      | Reached skill level 3 in Long Blades
   124 | D:1      | Reached XP level 2. HP: 11/24 MP: 4/4
   733 | D:1      | Reached XP level 3. HP: 28/29 MP: 3/5
   975 | D:2      | Reached skill level 4 in Long Blades
  1475 | D:2      | Found a runed translucent door.
  1476 | D:2      | Noticed Crazy Yiuf
  1806 | D:3      | Reached XP level 4. HP: 36/36 MP: 6/6
  1904 | D:3      | Noticed a necrophage
  1914 | D:3      | Killed a necrophage
  1915 | D:3      | Reached skill level 5 in Long Blades
  2115 | D:3      | Reached XP level 5. HP: 41/41 MP: 7/7
  2761 | D:3      | Noticed Robin
  2873 | D:3      | Killed Robin
  2874 | D:3      | Reached skill level 6 in Long Blades
  3258 | D:4      | Noticed an ogre
  3275 | D:4      | Noticed Natasha
  3419 | D:4      | Killed Natasha
  3455 | D:4      | Noticed Blork the orc
  3913 | D:4      | Noticed Grinder
  3929 | D:4      | Killed Grinder
  3930 | D:4      | Reached XP level 6. HP: 9/48 MP: 8/8
  4619 | D:4      | Reached skill level 5 in Dodging
  4685 | D:4      | Noticed Natasha
  4698 | D:4      | Killed Natasha
  4699 | D:4      | Reached XP level 7. HP: 49/55 MP: 9/9
  4892 | D:4      | Killed from afar by Blork the orc

Illustrated notes

Levels and vault maps discovered:
D:1:      dpeg_arrival_subterranean_lakeside_camping, layout_basic
D:2:      layout_basic, hellmonk_ecumenical_altar_blasted,
          uniq_crazy_yiuf_cottage
D:3:      layout_basic, mainiacjoe_overflow_catch_the_wave,
          dreamdust_princess_bridge, serial_bayou_ford_a, uniq_robin
D:4:      layout_gridville, ebering_ghost_sewer_f, uniq_natasha,
          uniq_blork_the_orc, uniq_grinder

Skill      XL: |  1  2  3  4  5  6 |
---------------+-------------------+-----
Long Blades    | 3 4 5 6 |  6.1
Fighting       | 2 |  2.0
Dodging        | 4 5 |  5.1
Throwing       | |  1.7

Action                     |  1- 3 |  4- 6 |  7- 9 || total
---------------------------+-------+-------+-------++-------
  Melee: Long sword        |   149 |   183 |     8 ||   340
         Punch             |     2 |     1 |       ||     3
         Dagger            |       |     7 |       ||     7
  Throw: Throwing net      |       |     5 |       ||     5
    Use: Potion            |     1 |     1 |       ||     2
         Scroll            |     7 |     3 |       ||    10
   Stab: Sleeping          |       |     3 |       ||     3
         Held in net/web   |       |     1 |       ||     1
 Armour: Leather armour    |    67 |    73 |       ||   140
  Dodge: Dodged            |   114 |   156 |       ||   270

Table legend: (Time is in decaauts)
 A = Elapsed time spent in this place.
 B = Non-inter-level travel time spent in this place.
 C = Inter-level travel time spent in this place.
 D = Time resting spent in this place.
 E = Time spent auto-exploring this place.
 F = Levels seen in this place.
 G = Mean time per level.
                   A        B        C        D        E       F      G
               +--------+--------+--------+--------+--------+-----+--------+
         Total |   4989 |   4657 |    332 |   1189 |   2562 |   4 | 1247.2 |
       Dungeon |   4989 |   4657 |    332 |   1189 |   2562 |   4 | 1247.2 |
               +--------+--------+--------+--------+--------+-----+--------+

Top non-repeatable levels by time:
     D:3: 2406 daAuts
     D:2: 1093 daAuts
     D:1: 884 daAuts
     D:4: 604 daAuts
